 Seeded DCSS version 0.27-a0-695-gb4952372f7 (webtiles) character file.

Game seed: 20210322 (custom seed)

31 Snicker the Sneak (level 3, 0/27 HPs)
             Began as a Demonspawn Brigand on Mar 22, 2021.
             Slain by a kobold
             ... wielding a +0 whip
              (4 damage)
             ... on level 2 of the Dungeon.
             The game lasted 00:03:28 (860 turns).

Snicker the Sneak (Demonspawn Brigand)               Turns: 860, Time: 00:03:28

Health: 0/27       AC:  3    Str: 11    XL:     3   Next: 7%
Magic:  0/3        EV: 11    Int: 12    God:
Gold:   10         SH:  0    Dex: 15    Spells: 2/2 levels left

rFire    . . .     SeeInvis .   a - +1 dagger (venom)
rCold    . . .     Faith    .   (no shield)
rNeg     . . .     Spirit   +   b - +0 robe
rPois    .         Reflect  .   (no helmet)
rElec    .         Harm     .   c - +0 cloak
rCorr    .         Rampage  .   (no gloves)
Will     .....                  (no boots)
Stlth    +++.......             m - amulet of guardian spirit
HPRegen  0.09/turn              h - ring of wizardry
MPRegen  0.08/turn              (no ring)

@: no status effects
A: powered by pain 1
a: no special abilities


You were on level 2 of the Dungeon.
You visited 1 branch of the dungeon, and saw 2 of its levels.

You collected 10 gold pieces.

Inventory:

Hand Weapons
 a - a +1 dagger of venom (weapon)
 i - a +2 dagger
Missiles
 d - 8 poisoned darts (quivered)
Armour
 b - a +0 robe (worn)
 c - a +0 cloak (worn)
Jewellery
 g - an amulet of magic regeneration
 h - a ring of wizardry (right hand)
 m - an amulet of guardian spirit (around neck)
Scrolls
 k - a scroll of amnesia {unknown}
 l - a scroll of teleportation {unknown}
 o - a scroll of holy word {unknown}
Potions
 f - a potion of flight {unknown}
 j - a potion of might {unknown}
 n - a potion of lignification {unknown}


   Skills:
 + Level 2.0 Fighting
 * Level 2.3 Short Blades
 + Level 1.8 Throwing
 + Level 0.8 Dodging
 * Level 4.3 Stealth


You had 2 spell levels left.
You didn't know any spells.
Your spell library was empty.

Dungeon Overview and Level Annotations

Branches:
Dungeon (2/15)

Altars:


Innate Abilities, Weirdness & Mutations

You sometimes gain a little power by taking damage.


Message History

The goblin hits you.
Unknown command.
Throw: 2 darts (curare)
Press: ? - help, Q - select action, (/) - cycle Shift-Dir - straight line, f - adder
Aim: an adder (40% to hit)
You throw a curare-tipped dart.
The curare-tipped dart barely misses the adder.
You kill the goblin!
The adder bites you.
* * * LOW HITPOINT WARNING * * *
The kobold throws a stone.
The stone misses you.
The stone closely misses the adder.
The goblin misses you.
Unknown command.
The kobold hits you but does no damage. The adder bites you.
* * * LOW HITPOINT WARNING * * *
You see here a goblin corpse.
Throw: dart (curare)
Press: ? - help, Q - select action, (/) - cycle Shift-Dir - straight line, f - goblin, p - adder
Aim: a goblin (51% to hit)
You throw a curare-tipped dart. The curare-tipped dart hits the adder.
The adder is poisoned.
The adder convulses.
The adder seems to slow down.
The adder is severely wounded.
The kobold misses you.
Unknown command.
You hit the adder.
You kill the adder!
The kobold hits you with a +0 whip.
* * * LOW HITPOINT WARNING * * *
You have reached level 3!
Your experience leads to an increase in your attributes!
Increase (S)trength, (I)ntelligence, or (D)exterity?
You feel agile.
Unknown command.
You miss the kobold. The kobold completely misses you.
Unknown command.
You hit the kobold.
The kobold is poisoned.
The kobold is severely wounded.
The goblin hits you but does no damage. The kobold hits you with a +0 whip.
You die...

#....#.###..#
...
#........#....
####....#..#.. #
#....#.#... #.
##......... ..
#........# #.
###..#.#..##
#.####.....!# .#
#.(g@K.#......##
#..####....#.##
#.# ..........
#. .............
'
...#...........
.'
.#.#...).......
#≈ . ...........
.≈≈


You could see a goblin and a kobold (very poisoned).

Vanquished Creatures
  An adder (D:2)
  3 bats
  A giant cockroach (D:1)
  5 hobgoblins (D:1)
  A frilled lizard (D:1)
  6 goblins
  2 kobolds (D:1)
  A rat (D:1)
20 creatures vanquished.

Notes
Turn   | Place    | Note
-------+----------+-------------------------------------------
     0 | D:1      | Snicker the Demonspawn Brigand began the quest for the Orb.
     0 | D:1      | Reached XP level 1. HP: 16/16 MP: 1/1
   397 | D:1      | Reached skill level 4 in Stealth
   411 | D:1      | Gained mutation: You sometimes gain a little power by
                  | taking damage. [demonic ancestry]
   411 | D:1      | Reached XP level 2. HP: 22/22 MP: 2/2
   859 | D:2      | Reached XP level 3. HP: 4/27 MP: 1/3
   860 | D:2      | Slain by a kobold

Illustrated notes

Levels and vault maps discovered:
D:1:      minmay_arrival_cross, layout_loops_ring
D:2:      layout_rooms, chequers_ecumenical_altar_twisty,
          kennysheep_generic_room_15

Skill      XL: |  1  2 |
---------------+-------+-----
Stealth        | 4 |  4.3
Short Blades   | 2 |  2.3
Fighting       | |  2.0
Throwing       | |  1.8
Dodging        | |  0.8

Action                   || total
-------------------------++-------
Melee: Dagger            ||    41
Throw: Dart              ||     4
 Stab: Sleeping          ||    11
Armor: Robe              ||     4
Dodge: Dodged            ||    19

Table legend: (Time is in decaauts)
 A = Elapsed time spent in this place.
 B = Non-inter-level travel time spent in this place.
 C = Inter-level travel time spent in this place.
 D = Time resting spent in this place.
 E = Time spent auto-exploring this place.
 F = Levels seen in this place.
 G = Mean time per level.
                   A        B        C        D        E       F      G
               +--------+--------+--------+--------+--------+-----+--------+
         Total |    854 |    823 |     31 |      0 |    649 |   2 |  427.0 |
       Dungeon |    854 |    823 |     31 |      0 |    649 |   2 |  427.0 |
               +--------+--------+--------+--------+--------+-----+--------+

Top non-repeatable levels by time:
     D:1: 825 daAuts
     D:2: 29 daAuts
